 Dungeon Crawl Stone Soup version 0.17.1-1-g73c8601 (webtiles) character file.

3955 subsebi the Basher (level 10, -6/74 HPs)
             Began as a Demonspawn Chaos Knight on Dec 15, 2015.
             Mangled by Gastronok the caustic shrike (glowing shapeshifter) (27 damage)
             ... on level 9 of the Dungeon.
             The game lasted 00:41:44 (7691 turns).

subsebi the Basher (Demonspawn Chaos Knight)        Turns: 7691, Time: 00:41:46

Health: -6/74      AC:  9    Str: 20    XL:     10   Next: 2%
Magic:  10/10      EV: 11    Int: 10    God:    Xom [......]
Gold:   329        SH:  0    Dex: 15    Spells: 0 memorised, 9 levels left

rFire  + + .     SeeInvis +     W - +0 great mace "Etifuef" {vamp, Dex+5 SInv}
rCold  . . .     Clarity  +     v - +3 leather armour
rNeg   . . .     SustAt   .     (shield currently unavailable)
rPois  +         Gourm    .     (helmet restricted)
rElec  +         Spirit   .     (no cloak)
rCorr  .         Warding  .     q - +0 pair of gloves
rMut   .         Stasis   .     (no boots)
MR     +....                    M - amulet "Dishripol" {Faith rF++ Dex-3}
Stlth  +.........               (no ring)
                                r - ring of protection from magic

@: mighty, corroded equipment, flying, somewhat resistant to hostile
enchantments, very unstealthy
A: antennae 2, fangs 1, hooves 1, iridescent scales 2, clarity, dopey 2, frail
1, poison resistance, screaming 1, electricity resistance, spiny 2
a: Renounce Religion


You were on level 9 of the Dungeon.
You worshipped Xom.
You were a very special plaything of Xom.
You were hungry.

You visited 2 branches of the dungeon, and saw 10 of its levels.

You collected 329 gold pieces.

Inventory:

Hand Weapons
 a - a +3 flail of protection
 b - the +9 blowgun "Huomitorr" {speed, Int+4}
   (You found it on level 8 of the Dungeon)

   Attacks with this weapon are significantly faster.
   It affects your intelligence (+4).
 m - a +0 hunting sling
 E - a +1 mace of chaos
 T - a +0 hunting sling
 W - the +0 great mace "Etifuef" (weapon) {vamp, Dex+5 SInv}
   (Xom gifted it to you on level 8 of the Dungeon)

   It inflicts no extra harm, but heals its wielder somewhat when it strikes a
   living foe.
   It affects your dexterity (+5).
   It lets you see invisible.
Missiles
 e - 240 stones
 s - 5 steel javelins (quivered)
 w - 3 throwing nets
 z - 97 sling bullets
 F - 16 tomahawks
 G - 8 javelins
 S - 3 needles of confusion
 V - 17 poisoned needles
Armour
 n - a +1 leather armour of poison resistance
 q - a +0 pair of gloves (worn)
 v - a +3 leather armour (worn)
Jewellery
 r - a ring of protection from magic (left hand)
 L - an uncursed amulet of stasis
 M - the amulet "Dishripol" (around neck) {Faith rF++ Dex-3}
   (You found it on level 7 of the Dungeon)

   [amulet of faith]

   It allows you to gain divine favour quickly.
   It affects your dexterity (-3).
   It greatly protects you from fire.
Wands
 p - a wand of magic darts (12)
 y - a wand of flame (28)
 D - a wand of disintegration (24)
 P - a wand of fire (4)
Scrolls
 d - a scroll of immolation
 h - 3 scrolls of magic mapping
 u - 2 scrolls of teleportation
 B - a scroll of blinking
 J - a scroll of recharging
 K - 2 scrolls of remove curse
 O - a scroll of noise {unknown}
 R - 2 scrolls of identify
 U - a scroll of vulnerability {unknown}
Potions
 i - 3 potions of lignification
 l - 2 potions of curing
 Q - a potion of heal wounds {unknown}
Books
 N - a Fen Folio

   Spells                             Type                      Level
   a - Corpse Rot                     Necromancy                   2
   b - Stone Arrow                    Conjuration/Earth            3
   c - Leda's Liquefaction            Hexes/Earth                  4
   d - Summon Forest                  Summoning/Translocation      5
   e - Hydra Form                     Transmutation                6
   f - Summon Hydra                   Summoning                    7
Miscellaneous
 g - a disc of storms
Comestibles
 c - 3 bread rations
 f - 5 meat rations
 o - 4 fruits
 x - a slice of pizza
 C - a beef jerky


   Skills:
 + Level 9.0 Fighting
 - Level 11.0 Maces & Flails
 - Level 1.7 Armour
 - Level 0.8 Dodging


You had 9 spell levels left.
You didn't know any spells.

Dungeon Overview and Level Annotations

Branches:
Dungeon (9/15)             Temple (1/1) D:6
   Lair: D:8-11         Orc: D:9-12

Altars:
Ashenzari
Cheibriados
Dithmenos
Elyvilon
Fedhas
Gozag
Kikubaaqudgha
Makhleb
Nemelex Xobeh
Okawaru
Qazlal
Ru
Sif Muna
Vehumet
Xom
Yredelemnul
Zin
The Shining One

Annotations:
D:9 Gastronok


Innate Abilities, Weirdness & Mutations

You have a pair of antennae on your head.
You are mostly covered in iridescent scales (AC +6).
You are mostly covered in sharp spines.
You have very sharp teeth.
You have large cloven feet.
You possess an exceptional clarity of mind.
You are very dopey. (Int -4)
You are frail (-10% HP).
Your system is resistant to poisons.
You occasionally shout uncontrollably at your foes.
You are resistant to electric shocks.


Message History

You are splashed with acid!
The acid burns!
You miss Gastronok. You kick Gastronok.
Gastronok is lightly wounded.
Gastronok is struck by your spines. Gastronok claws you but does no damage.
Gastronok claws you.
You are splashed with acid!
The acid burns!
Gastronok misses you.
You miss Gastronok.
Gastronok is lightly wounded.
Gastronok is struck by your spines. Gastronok closely misses you.
Gastronok is struck by your spines. Gastronok claws you.
You are splashed with acid!
The acid corrodes you!
The acid burns!
* * * LOW HITPOINT WARNING * * *
Drink which item? (? for menu, Esc to quit)
It was a potion of flight.
You feel very buoyant.
You fly up into the air.
Xom roars with laughter!
Gastronok claws you but does no damage. Gastronok claws you!!
You die...
Xom howls with laughter!

#### ... ### # #.. ..#
.# # #.# #.##.#.#######
#.# #............#
#[###.#.#........#
#.#..@....#........#
#.....b.####.......###
#..####...#...........
#..# ###.#...........
#.#..# #.........<...
##.#..#
####...###.#.....
#.....# #....#.#
#.#..... #..##.#
#.##...# #.###.##
#..##.###.########.###.#


You could see Gastronok the caustic shrike shaped shifter.

Vanquished Creatures
  Erica (D:9)
  Sigmund (D:2)
  3 hippogriffs
  A hungry ghost (D:8)
  Edmund (D:5)
  An orc warrior (D:8)
  2 phantoms
  Purgy (D:3)
  An ice beast (D:8)
  3 ogres
  A centaur (D:5)
  A big kobold (D:8)
  5 giant frogs
  2 scorpions
  6 killer bees (D:6)
  A jelly (D:5)
  3 crimson imps
  A wasp zombie (D:8)
  2 centaur zombies
  The ghost of Clownie the Scratcher, a weakling FeMo (D:3)
  2 hounds
  A giant frog skeleton (D:4)
  2 orc wizards (D:4)
  Natasha (thrice) (D:2)
  5 worker ants
  3 iguanas
  4 hound skeletons (D:6)
  Robin (D:4)
  2 worker ant zombies
  6 adders
  14 gnolls
  2 oozes
  2 adder skeletons
  2 adder zombies (D:7)
  2 worms (D:2)
  2 giant geckos
  22 orcs
  A ball python (shapeshifter) (D:4)
  4 ball pythons
  A bat (D:3)
  2 giant cockroaches
  13 hobgoblins
  16 jackals
  13 kobolds
  2 quokkas (D:2)
  6 giant newts
  10 goblins
  A quokka zombie (D:5)
  20 rats
202 creatures vanquished.

Vanquished Creatures (others)
  2 ball lightnings (D:9)
  An ogre (D:7)
3 creatures vanquished.

Grand Total: 205 creatures vanquished

Notes
Turn   | Place    | Note
--------------------------------------------------------------
     0 | D:1      | subsebi the Demonspawn Chaos Knight began the quest for the Orb.
     0 | D:1      | Reached XP level 1. HP: 18/18 MP: 1/1
   221 | D:1      | XOM: harmless Hex miscast
   346 | D:1      | XOM: harmless Conj miscast
   357 | D:1      | XOM: potion effect (agility)
   363 | D:1      | Gained mutation: You are partially covered in sharp spines. [demonic ancestry]
   363 | D:1      | Reached XP level 2. HP: 22/24 MP: 2/2
   749 | D:1      | XOM: divination: magic mapping
  1011 | D:2      | Gained mutation: You are mostly covered in sharp spines. [demonic ancestry]
  1011 | D:2      | Reached XP level 3. HP: 29/29 MP: 3/3
  1092 | D:2      | Reached skill level 4 in Maces & Flails
  1119 | D:2      | Noticed Sigmund
  1126 | D:2      | Killed Sigmund
  1126 | D:2      | Reached skill level 5 in Maces & Flails
  1126 | D:2      | Gained mutation: You are partially covered in iridescent scales (AC +4). [demonic ancestry]
  1126 | D:2      | Reached XP level 4. HP: 15/35 MP: 4/4
  1126 | D:2      | Gained mutation: You are mostly covered in iridescent scales (AC +6). [demonic ancestry]
  1126 | D:2      | Reached XP level 5. HP: 17/41 MP: 5/5
  1358 | D:2      | Found a basalt altar of Yredelemnul.
  1444 | D:2      | Noticed Natasha
  1451 | D:2      | Killed Natasha
  1451 | D:2      | Reached skill level 6 in Maces & Flails
  1533 | D:2      | XOM: harmless Conj miscast
  1626 | D:2      | Found an opulent altar of Gozag.
  1759 | D:2      | Noticed Natasha
  1766 | D:2      | Killed Natasha
  1861 | D:2      | XOM: harmless Summ miscast
  1866 | D:2      | Gained mutation: You have a pair of small antennae on your head. [demonic ancestry]
  1866 | D:2      | Reached XP level 6. HP: 47/47 MP: 6/6
  1939 | D:2      | XOM: divination: detect creatures
  2072 | D:2      | Noticed Natasha
  2079 | D:2      | Killed Natasha
  2181 | D:3      | Found a white marble altar of Elyvilon.
  2343 | D:3      | Found a faded altar to an unknown god.
  2345 | D:3      | Noticed Clownie's ghost (weakling FeMo)
  2355 | D:3      | Killed Clownie's ghost
  2721 | D:3      | Noticed Purgy
  2732 | D:3      | Killed Purgy
  2732 | D:3      | Reached skill level 7 in Maces & Flails
  2946 | D:4      | Noticed Robin
  2951 | D:4      | Reached XP level 7. HP: 52/52 MP: 7/7
  2956 | D:4      | Killed Robin
  2967 | D:4      | Gained mutation: You are clumsy. (Dex -2) [mutagenic meat]
  2968 | D:4      | Gained mutation: You are dopey. (Int -2) [mutagenic meat]
  2969 | D:4      | Gained mutation: You are resistant to electric shocks. [mutagenic meat]
  2977 | D:4      | Lost mutation: You are clumsy. (Dex -2) [potion of mutation]
  2977 | D:4      | Gained mutation: Your spells are a little easier to cast, but a little less powerful. [potion of mutation]
  3075 | D:4      | XOM: cast spell 'Spider Form'
  3090 | D:4      | XOM: harmless Chrm miscast
  3123 | D:4      | Found a burning altar of Makhleb.
  3177 | D:4      | Reached skill level 8 in Maces & Flails
  3531 | D:4      | XOM: give mutations
  3531 | D:4      | Gained mutation: Your system is resistant to poisons. [Xom's grace]
  3531 | D:4      | Gained mutation: You have large cloven feet. [Xom's grace]
  3531 | D:4      | Gained mutation: You can breathe flames. [Xom's grace]
  3531 | D:4      | Gained mutation: You possess an exceptional clarity of mind. [Xom's grace]
  3546 | D:4      | XOM: god gift: slice of pizza
  3581 | D:5      | Entered Level 5 of the Dungeon
  3742 | D:5      | Reached skill level 9 in Maces & Flails
  3742 | D:5      | Reached XP level 8. HP: 39/58 MP: 8/8
  3942 | D:5      | XOM: swap monsters
  4205 | D:5      | XOM: medium Conj miscast
  4387 | D:5      | Found a blossoming altar of Fedhas.
  4846 | D:5      | Noticed Edmund
  4855 | D:5      | Killed Edmund
  4855 | D:5      | Reached skill level 10 in Maces & Flails
  5019 | D:6      | Found a staircase to the Ecumenical Temple.
  5056 | Temple   | Entered the Ecumenical Temple
  5309 | D:6      | XOM: cast spell 'Cause Fear'
  5392 | D:6      | Found a sparkling altar of Nemelex Xobeh.
  5510 | D:6      | XOM: give mutations
  5510 | D:6      | Gained mutation: You are clumsy. (Dex -2) [Xom's mischief]
  5510 | D:6      | Lost mutation: You are dopey. (Int -2) [Xom's mischief]
  5510 | D:6      | Gained mutation: You are dopey. (Int -2) [Xom's mischief]
  5510 | D:6      | Gained mutation: You are very dopey. (Int -4) [Xom's mischief]
  5832 | D:7      | Got a coiled pewter amulet
  5859 | D:7      | Identified the amulet "Dishripol" {Faith rF++ Dex-3} (You found it on level 7 of the Dungeon)
  5861 | D:7      | XOM: colour smoke trail
  5875 | D:7      | Reached skill level 11 in Maces & Flails
  5875 | D:7      | Reached XP level 9. HP: 63/63 MP: 9/9
  5892 | D:7      | XOM: divine lightning (protected)
  6123 | D:7      | XOM: mild Hex miscast
  6213 | D:7      | XOM: medium Pois miscast
  6414 | D:8      | Reached skill level 5 in Fighting
  6434 | D:8      | XOM: give mutations
  6434 | D:8      | Lost mutation: Your spells are a little easier to cast, but a little less powerful. [Xom's mischief]
  6434 | D:8      | Gained mutation: You occasionally shout uncontrollably at your foes. [Xom's mischief]
  6478 | D:8      | XOM: fog
  6489 | D:8      | Got a jewelled blowgun
  6490 | D:8      | Identified the +9 blowgun "Huomitorr" {speed, Int+4} (You found it on level 8 of the Dungeon)
  6604 | D:8      | XOM: smoke on damage
  6621 | D:8      | XOM: 2-stop teleportation journey
  6647 | D:8      | XOM: blink monster(s)
  6764 | D:8      | XOM: give mutation
  6764 | D:8      | Lost mutation: You can breathe flames. [Xom's grace]
  6764 | D:8      | Gained mutation: You can spit weak poison. [Xom's grace]
  6798 | D:8      | XOM: god gift: crystal great mace {god gift}
  6799 | D:8      | Got a crystal great mace {god gift}
  6808 | D:8      | Identified the +0 great mace "Etifuef" {vamp, Dex+5 SInv} (Xom gifted it to you on level 8 of the Dungeon)
  6905 | D:8      | XOM: colour smoke trail
  6995 | D:9      | Found a glowing silver altar of Zin.
  7003 | D:9      | Found a snail-covered altar of Cheibriados.
  7003 | D:9      | Found a white marble altar of Elyvilon.
  7011 | D:9      | Found a burning altar of Makhleb.
  7027 | D:9      | XOM: give mutation
  7027 | D:9      | Gained mutation: You are frail (-10% HP). [Xom's mischief]
  7035 | D:9      | XOM: give mutations
  7035 | D:9      | Gained mutation: You have very sharp teeth. [Xom's mischief]
  7035 | D:9      | Lost mutation: You can spit weak poison. [Xom's mischief]
  7035 | D:9      | Lost mutation: You are clumsy. (Dex -2) [Xom's mischief]
  7254 | D:9      | Noticed Erica
  7267 | D:9      | XOM: polymorph orc priest -> giant frog
  7269 | D:9      | Killed Erica
  7274 | D:9      | Gained mutation: You have a pair of antennae on your head. [demonic ancestry]
  7274 | D:9      | Reached XP level 10. HP: 41/74 MP: 10/10
  7283 | D:9      | Noticed Gastronok
  7290 | D:9      | XOM: cast spell 'Conjure Ball Lightning'
  7679 | D:9      | Noticed Gastronok
  7679 | D:9      | Gastronok changed into Gastronok the titan
  7679 | D:9      | XOM: polymorph Gastronok -> Gastronok the titan
  7681 | D:9      | XOM: swap monsters
  7681 | D:9      | Noticed Gastronok
  7681 | D:9      | Gastronok the titan changed into Gastronok the juggernaut
  7682 | D:9      | Noticed Gastronok
  7682 | D:9      | Gastronok the juggernaut changed into Gastronok the shard shrike
  7682 | D:9      | XOM: polymorph Gastronok the juggernaut -> Gastronok the shard shrike
  7684 | D:9      | Noticed Gastronok
  7684 | D:9      | Gastronok the shard shrike changed into Gastronok the golden dragon
  7686 | D:9      | Noticed Gastronok
  7686 | D:9      | Gastronok the golden dragon changed into Gastronok the caustic shrike
  7691 | D:9      | Mangled by Gastronok the caustic shrike (glowing shapeshifter)

Action                   |  1- 3 |  4- 6 |  7- 9 | 10-12 || total
-------------------------+-------+-------+-------+-------++-------
Melee: Mace              |    43 |    95 |   123 |       ||   261
       Unarmed           |       |       |     3 |       ||     3
       Flail             |       |       |   121 |       ||   121
       Great mace        |       |       |    27 |    23 ||    50
Throw: Javelin           |       |       |     5 |       ||     5
       Stone             |       |       |     2 |       ||     2
 Abil: Spit Poison       |       |       |     1 |       ||     1
       Breathe Fire      |       |       |     1 |       ||     1
  Use: Scroll            |       |     4 |     8 |       ||    12
       Potion            |       |       |     7 |     2 ||     9
 Stab: Sleeping          |     5 |     2 |       |       ||     7
       Paralysed         |       |       |     6 |       ||     6
       Distracted        |       |       |     1 |       ||     1
  Eat: Chunk             |     1 |     5 |    15 |       ||    21
       Fruit             |       |       |     2 |     1 ||     3
       Pizza             |       |       |     1 |       ||     1
       Bread ration      |       |       |     1 |       ||     1
